 Dungeon Crawl Stone Soup version 0.24.0-123-gd5b16e6ec5 (webtiles) character file.

Game seed: 18098629270120854603, levelgen mode: deterministic

1394 AuftragZ the Cudgeler (level 8, -1/67 HPs)
             Began as a Pale Draconian Skald on Feb 4, 2020.
             Was a Follower of Wu Jian.
             Slain by a gnoll
             ... wielding a +0 spear
              (7 damage)
             ... on level 6 of the Dungeon.
             The game lasted 00:20:41 (6919 turns).

AuftragZ the Cudgeler (Pale Draconian Skald)        Turns: 6919, Time: 00:20:42

Health: -1/67      AC:  8    Str: 15    XL:     8   Next: 41%
Magic:  10/12      EV: 14    Int: 18    God:    Wu Jian [*.....]
Gold:   321        SH:  0    Dex: 11    Spells: 8/13 levels left

rFire    . . .     SeeInvis .   a - +3 flail (venom)
rCold    . . .     Gourm    .   (no shield)
rNeg     . . .     Faith    .   (armour unavailable)
rPois    .         Spirit   .   g - +2 hat
rElec    .         Reflect  .   (no cloak)
rCorr    .         Harm     .   (no gloves)
MR       .....     Clarity  +   (no boots)
Stlth    +.........             (no amulet)
HPRegen  0.21/turn              l - +4 ring of intelligence
MPRegen  0.13/turn              (no ring)

@: lethally poisoned (-1 -> -4), singing, very slow
A: breathe steam, unfitting armour, antennae 1, clarity, cold-blooded, AC +6
a: Breathe Steam, Renounce Religion


You were on level 6 of the Dungeon.
You worshipped Wu Jian.
Wu Jian was aware of your devotion.
You were not hungry.

You visited 2 branches of the dungeon, and saw 7 of its levels.

You collected 321 gold pieces.

Inventory:

Hand Weapons
 a - a +3 flail of venom (weapon)
 d - a +1 short sword of protection
 n - a +0 hand crossbow
Armour
 g - a +2 hat (worn)
Jewellery
 l - a +4 ring of intelligence (left hand)
Wands
 f - a wand of iceblast (7)
Scrolls
 e - a scroll of enchant armour
 h - a scroll of remove curse
 k - a scroll of blinking
 m - a scroll of identify
 o - a scroll of acquirement {unknown}
 p - a scroll of vulnerability {unknown}
Potions
 b - a potion of agility {unknown}
 i - a potion of flight
 j - 2 potions of cancellation
Comestibles
 c - 8 rations


   Skills:
 + Level 4.7 Fighting
 + Level 3.3 Short Blades
 + Level 5.2 Maces & Flails
 + Level 5.0 Dodging
 + Level 2.5 Stealth
 + Level 3.1 Spellcasting
 + Level 3.7 Charms
 + Level 2.0 Translocations


You had 8 spell levels left.
You knew the following spells:

 Your Spells              Type           Power        Failure   Level  Hunger
a - Infusion              Chrm           ###.         3%          1    None
b - Song of Slaying       Chrm           ###.....     5%          2    ##.....
c - Shroud of Golubria    Chrm/Tloc      ##....       8%          2    ##.....

Your spell library contained the following spells:

 Spells                   Type           Power        Failure   Level  Hunger
 Apportation              Tloc           ##....       7%          1    None
 Animate Skeleton         Necr           N/A          16%         1    None
 Confusing Touch          Hex            #.....       16%         1    None
 Summon Small Mammal      Summ           #...         16%         1    None
 Regeneration             Chrm/Necr      #.........   22%         3    ###....
 Spectral Weapon          Hex/Chrm       #.......     22%         3    ###....


Dungeon Overview and Level Annotations

Branches:
Dungeon (6/15)             Temple (1/1) D:4

Altars:
Ashenzari
Cheibriados
Dithmenos
Elyvilon
Fedhas
Gozag
Hepliaklqana
Kikubaaqudgha
Makhleb
Nemelex Xobeh
Okawaru
Qazlal
Ru
Sif Muna
Trog
Uskayaw
Vehumet
Wu Jian
Xom
Yredelemnul
Zin
The Shining One

Shops:
D:6 (

Annotations:
D:5 1 runed translucent door, Crazy Yiuf


Innate Abilities, Weirdness & Mutations

You can breathe blasts of scalding, opaque steam.
Your pale cyan-grey scales are hard. (AC +6)
You cannot fit into any form of body armour.
You are cold-blooded and may be slowed by cold attacks.
You have a pair of small antennae on your head.
You possess an exceptional clarity of mind.


Message History

The Council accepts your kill.
You hear a splash.
The gnoll hits you with a +0 spear.
* * * LOW HITPOINT WARNING * * *
The gnoll barely misses you.
You see here a bullfrog corpse.
The gnoll splashes around in the water.
You see here a +0 spear.
You enter the shallow water.
Moving in this stuff is going to be slow.
You lunge at the gnoll, in a flurry of attacks.
You barely miss the gnoll.
Your unstable footing causes you to fumble your attack.
You feel sick. The gnoll closely misses you.
You see here a +0 spear.
You spin and attack the gnoll.
You sock the gnoll!
Your tail-slap misses the gnoll.
The gnoll is heavily wounded.
You feel sick. The gnoll hits you with a +0 spear!
You die...

#....# #.# ...
#....# #.# ..#.
#....# #.# ...
#.#### #.#....
#.# #####.#....
#.###.≈≈≈..≈≈..
#..#())≈≈≈..≈≈.
##..††)≈.≈≈.≈.≈
#≈≈≈≈≈g@≈≈≈≈≈≈≈
#≈≈≈≈≈≈≈≈≈≈≈≈.≈≈≈
####.≈.≈....≈.≈≈.
####.....≈≈≈..
#####.##### ...
###


You could see a gnoll (pinned).

Vanquished Creatures
  Duvessa (D:5)
  A sky beast (D:5)
  An ogre (D:5)
  2 centaurs (D:5)
  Blork the orc (D:4)
  2 bullfrogs (D:6)
  Dowan (D:5)
  2 scorpions (D:5)
  2 orc priests (D:5)
  A gnoll shaman (D:5)
  2 orc wizards (D:5)
  2 worker ants
  A hound skeleton (D:5)
  20 gnolls
  9 adders
  A howler monkey skeleton (D:4)
  A shadow imp (D:5)
  An adder zombie (D:5)
  4 worms
  2 dart slugs
  2 leopard geckos
  10 orcs
  3 ball pythons
  5 giant cockroaches
  9 goblins
  8 hobgoblins
  12 jackals
  7 kobolds
  5 bats
  3 frilled lizards
  A giant cockroach zombie (D:6)
  6 rats
128 creatures vanquished.

Notes
Turn   | Place    | Note
-------+----------+-------------------------------------------
     0 | D:1      | AuftragZ the Draconian Skald began the quest for the Orb.
     0 | D:1      | Reached XP level 1. HP: 17/17 MP: 3/3
   361 | D:1      | Found a shattered altar of Ashenzari.
   369 | D:1      | Reached XP level 2. HP: 18/24 MP: 5/5
   488 | D:1      | Learned a level 2 spell: Song of Slaying
   739 | D:1      | Learned a level 2 spell: Shroud of Golubria
  1132 | D:1      | Reached XP level 3. HP: 30/30 MP: 6/6
  1365 | D:2      | Found a hazy altar of Hepliaklqana.
  1628 | D:2      | Reached XP level 4. HP: 35/37 MP: 7/7
  2431 | D:3      | Reached XP level 5. HP: 13/42 MP: 5/8
  2965 | D:3      | Reached skill level 1 in Stealth
  3158 | D:3      | Found a sparkling altar of Nemelex Xobeh.
  3158 | D:3      | Found an ancient bone altar of Kikubaaqudgha.
  3158 | D:3      | Found a radiant altar of Vehumet.
  3219 | D:3      | Found a burning altar of Makhleb.
  3372 | D:3      | Found an iron altar of Okawaru.
  3714 | D:4      | Found a glowing golden altar of the Shining One.
  3790 | D:4      | Found a staircase to the Ecumenical Temple.
  3811 | Temple   | Entered the Ecumenical Temple
  3907 | Temple   | Became a worshipper of the Wu Jian Council
  4062 | D:4      | Noticed Blork the orc
  4072 | D:4      | Killed Blork the orc
  4072 | D:4      | Reached skill level 1 in Maces & Flails
  4072 | D:4      | Reached XP level 6. HP: 14/50 MP: 7/9
  4327 | D:4      | Reached skill level 1 in Translocations
  4636 | D:4      | Found a snail-covered altar of Cheibriados.
  5052 | D:5      | Entered Level 5 of the Dungeon
  5197 | D:5      | Found a sacrificial altar of Ru.
  5220 | D:5      | Your scales start taking on a pale cyan-grey colour.
  5220 | D:5      | Reached XP level 7. HP: 24/57 MP: 7/10
  5467 | D:5      | Gained mutation: You possess an exceptional clarity of
                  | mind. [potion of mutation]
  5467 | D:5      | Gained mutation: You have a pair of small antennae on your
                  | head. [potion of mutation]
  5473 | D:5      | HP: 1/57 [gnoll/+0 spear (4)]
  6242 | D:5      | Found a runed translucent door.
  6243 | D:5      | Noticed Crazy Yiuf
  6304 | D:5      | Noticed Duvessa
  6304 | D:5      | Noticed Dowan
  6314 | D:5      | Killed Duvessa
  6314 | D:5      | Reached XP level 8. HP: 54/67 MP: 10/12
  6334 | D:5      | Killed Dowan
  6758 | D:6      | Reached * piety under Wu Jian
  6779 | D:6      | Found an opulent altar of Gozag.
  6806 | D:6      | Found Jios's Weapon Emporium.
  6905 | D:6      | Reached skill level 5 in Maces & Flails
  6914 | D:6      | Reached skill level 5 in Dodging
  6919 | D:6      | Slain by a gnoll

Levels and vault maps discovered:
D:1:      wander_arrival_lonely_grave, layout_basic, evilmike_ruin_ashenzari
D:2:      layout_loops_ring, nicolae_overflow_crystal_walls
D:3:      layout_loops_corners, okawaru_metal_pillars_1_2,
          gammafunk_temple_overflow_claw, overflow_temple_1_default,
          first_ration, chequers_serial_rivers_micro_d
D:4:      layout_loops_ring, lemuel_doored_altar, tso_metal_star,
          minmay_temple_entry_mini_moons, uniq_blork_the_orc
D:5:      lemuel_ice_spiral_2, layout_basic, nicolae_ru_sacrificial_ziggurat,
          uniq_crazy_yiuf_cottage, uniq_duvessa
D:6:      layout_basic, overflow_temple_1_default, serial_rivers,
          chequers_serial_rivers_micro_b, chequers_serial_rivers_large_b,
          chequers_serial_rivers_small_3, chequers_serial_rivers_micro_c,
          chequers_serial_rivers_room_b, serial_shops, nicolae_shop_waterfront,
          minmay_liquid_box, kennysheep_pointless_box, minmay_misc_feat_square
Temple:   nicolae_temple_hex_pool

Skill      XL: |  1  2  3  4  5  6  7  8 |
---------------+-------------------------+-----
Charms         | 3 |  3.7
Dodging        | 3 4 5 |  5.0
Short Blades   | 3 |  3.3
Stealth        | 1 2 |  2.5
Maces & Flails | 1 3 4 5 |  5.2
Translocations | 1 2 |  2.0
Fighting       | 3 4 |  4.7
Spellcasting   | 3 |  3.1

Action                   |  1- 3 |  4- 6 |  7- 9 || total
-------------------------+-------+-------+-------++-------
Melee: Short sword       |   149 |    87 |       ||   236
       Tailslap          |    11 |    22 |    13 ||    46
       Flail             |       |   106 |   129 ||   235
 Cast: Shroud of Golubri |     2 |     7 |     9 ||    18
       Song of Slaying   |     1 |     2 |     2 ||     5
Invok: Lunge             |       |     4 |     6 ||    10
       Whirlwind         |       |       |     5 ||     5
  Use: Scroll            |     4 |     6 |     2 ||    12
       Potion            |     2 |     9 |     2 ||    13
 Stab: Invisible         |       |     1 |       ||     1
       Sleeping          |       |     2 |       ||     2
  Eat: Chunk             |     2 |     9 |       ||    11
       Ration            |       |     1 |     2 ||     3
Armor: Skin              |   100 |    92 |    46 ||   238
Dodge: Dodged            |   167 |   177 |   134 ||   478
